 Dungeon Crawl Stone Soup version 0.20.1-1-g8b1a95d (webtiles) character file.

207 TheGuigne the Bolt Thrower (level 5, 17/42 HPs)
             Began as a Minotaur Hunter on Aug 22, 2017.
             Quit the game on level 3 of the Dungeon.
             The game lasted 00:05:35 (2027 turns).

TheGuigne the Bolt Thrower (Minotaur Hunter)        Turns: 2027, Time: 00:05:37

Health: 17/42      AC:  5    Str: 16    XL:     5   Next: 54%
Magic:  3/4        EV: 11    Int:  8    God:
Gold:   111        SH:  0    Dex: 12    Spells: 4/4 levels left

rFire    . . .     SeeInvis .   b - +1 whip (pain)
rCold    . . .     Gourm    .   (no shield)
rNeg     . . .     Faith    .   e - +0 ring mail
rPois    .         Spirit   +   (helmet restricted)
rElec    .         Reflect  .   (no cloak)
rCorr    .         Harm     .   (no gloves)
MR       .....                  (no boots)
Stlth    +.........             i - amulet of guardian spirit
Regen    0.2/turn               t - +3 ring of slaying
MPRegen  0.1/turn               (no ring)

@: no status effects
A: retaliatory headbutt, horns 2
a: no special abilities


You were on level 3 of the Dungeon.
You were hungry.

You visited 1 branch of the dungeon, and saw 3 of its levels.

You collected 111 gold pieces.

Inventory:

Hand Weapons
 a - a +1 hand crossbow
 b - a +1 whip of pain (weapon)
Missiles
 d - 26 bolts
 j - 161 stones (quivered)
Armour
 c - a +0 leather armour
 e - a +0 ring mail (worn)
Jewellery
 i - an amulet of guardian spirit (around neck)
 t - a +3 ring of slaying (left hand)
Wands
 v - a wand of polymorph (11/24)
Scrolls
 g - a scroll of magic mapping {unknown}
 n - 4 scrolls of recharging {unknown}
 p - 4 scrolls of identify {unknown}
 s - a scroll of remove curse {unknown}
 x - a scroll of enchant armour {unknown}
Potions
 h - a potion of cancellation {unknown}
 k - 3 potions of curing {unknown}
 l - a potion of mutation {unknown}
 m - a potion of degeneration {unknown}
 o - a potion of resistance {unknown}
 q - a potion of might {unknown}
 r - a potion of agility {unknown}
 u - a potion of heal wounds {unknown}
Comestibles
 f - 2 bread rations
 w - a chunk of flesh


   Skills:
 - Level 2.4 Fighting
 * Level 7.5 Crossbows
 - Level 2.1 Dodging
 - Level 0.7 Stealth


You had 4 spell levels left.
You didn't know any spells.

Dungeon Overview and Level Annotations

Branches:
Dungeon (3/15)

Altars:


Innate Abilities, Weirdness & Mutations

You reflexively headbutt those who attack you in melee.
You have a pair of horns on your head.


Message History

Unknown command.
You closely miss the orc priest.
The orc priest is severely wounded.
The orc priest looks satisfied for a moment.
The orc hits you.
You whack the orc priest!
You kill the orc priest!
The orc completely misses you. The orc barely misses you.
Items here: )) [ †† a war axe; a leather armour; a mace; an orc corpse x2
You closely miss the orc. The orc hits you.
You hit the orc.
The orc is severely wounded.
The orc hits you. The orc closely misses you.
You hit the orc but do no damage. You headbutt the orc.
You kill the orc!
Items here: )) [ † a scale mail; a club; a hand axe; an orc corpse Are you sure you want to abandon this character and quit the game? (Confirm with "yes".)

.### #.......# ##
...# #..>....# ##.
.... #.......###.#
.<.# #####
#.....(.>..## #..
########...#
#.......##.# ..#
...?.......#
#.......##.# ....
.........).#
#.......##.# ##
######.#[##
##########.# #.#@#
#.# # #.#$# #.# .
#.#.# ########.# .
#.#.. .........## #
#.###############...
#.................##
##########.########
######### #.#
#..÷....# #.#


There were no monsters in sight!

Vanquished Creatures
  2 orc priests (D:3)
  Terence (D:2)
  The ghost of tidbits the Grave Robber, a weakling DgNe (D:3)
  3 adders (D:2)
  6 dart slugs
  2 leopard geckos
  3 orcs (D:3)
  3 giant cockroaches (D:2)
  11 goblins
  8 hobgoblins
  6 kobolds
  2 quokkas (D:2)
  9 bats
  4 frilled lizards
  6 rats
67 creatures vanquished.

Notes
Turn   | Place    | Note
-------+----------+-------------------------------------------
     0 | D:1      | TheGuigne the Minotaur Hunter began the quest for the Orb.
     0 | D:1      | Reached XP level 1. HP: 18/18 MP: 0/0
   147 | D:1      | Reached XP level 2. HP: 25/25 MP: 1/1
   204 | D:1      | Reached skill level 5 in Crossbows
   697 | D:1      | Reached XP level 3. HP: 29/30 MP: 2/2
   967 | D:2      | Noticed Terence
   984 | D:2      | Killed Terence
   984 | D:2      | Reached skill level 6 in Crossbows
   984 | D:2      | Reached XP level 4. HP: 30/37 MP: 3/3
  1566 | D:3      | Noticed tidbits's ghost (weakling DgNe)
  1570 | D:3      | Killed tidbits's ghost
  1570 | D:3      | Reached XP level 5. HP: 42/42 MP: 4/4
  1626 | D:3      | Reached skill level 7 in Crossbows
  2027 | D:3      | Quit the game

Skill      XL: |  1  2  3  4  5 |
---------------+----------------+-----
Crossbows      | 5 6 7 |  7.5
Fighting       | |  2.4
Dodging        | |  2.1
Stealth        | |  0.7

Action                   |  1- 3 |  4- 6 || total
-------------------------+-------+-------++-------
Melee: Whip              |    60 |    56 ||   116
       Headbutt          |     7 |     6 ||    13
 Fire: Hand crossbow     |    31 |    24 ||    55
  Eat: Chunk             |       |     3 ||     3
Armor: Ring mail         |    25 |    26 ||    51
Dodge: Dodged            |    33 |    40 ||    73
